 Dungeon Crawl Stone Soup version 0.22-a0-848-ge9e22a0 (webtiles) character file.

2487 seren the Grappler (level 9, 0/89 HPs)
             Began as an Ogre Transmuter on July 26, 2018.
             Was an Initiate of Dithmenos.
             Succumbed to a killer bee's poison
             ... on level 6 of the Dungeon.
             The game lasted 00:53:39 (12692 turns).

seren the Grappler (Ogre Transmuter)               Turns: 12692, Time: 00:53:40

Health: 0/89       AC:  7    Str: 17    XL:     9   Next: 52%
Magic:  9/17       EV: 15    Int: 14    God:    Dithmenos [......]
Gold:   273        SH:  0    Dex: 19    Spells: 9/19 levels left

rFire    . . .     SeeInvis .     - Unarmed
rCold    . . .     Gourm    .   (no shield)
rNeg     . . .     Faith    .   u - +1 robe {MR+}
rPois    .         Spirit   .   (helmet restricted)
rElec    .         Reflect  .   H - +2 cloak
rCorr    .         Harm     .   (gloves unavailable)
MR       +....                  (boots unavailable)
Stlth    +++.......             o - amulet of rage
HPRegen  0.24/turn              f - +3 ring of dexterity
MPRegen  0.15/turn              (no ring)

@: agile, lethally poisoned (0 -> -24), very slightly contaminated, hasted,
drained, very quick
A: large, unfitting armour, tough skin 1
a: Renounce Religion, Evoke Berserk Rage


You were on level 6 of the Dungeon.
You worshipped Dithmenos.
Dithmenos was noncommittal.
You were not hungry.

You visited 2 branches of the dungeon, and saw 8 of its levels.

You collected 273 gold pieces.

Inventory:

Hand Weapons
 b - a +1 hunting sling
 s - a +0 whip of pain
 D - the +7 longbow "Piercer" {penet, EV-2}
   (You took it off an orc warrior on level 6 of the Dungeon)

   Ammo fired by it will pass through the targets it hits, potentially hitting
   all targets in its path until it reaches maximum range.
   It affects your evasion (-2).
Missiles
 a - 83 arrows
 j - 56 sling bullets
 m - 200 stones (quivered)
 q - 31 poisoned needles
Armour
 e - a +1 robe
 u - a +1 robe of magic resistance (worn)
 H - a +2 cloak (worn)
Jewellery
 f - a +3 ring of dexterity (left hand)
 o - an amulet of rage (around neck)
Wands
 c - a wand of flame (9)
 z - a wand of polymorph (1)
Scrolls
 g - a scroll of blinking {!r}
 i - a scroll of noise {unknown}
 n - 4 scrolls of remove curse
 p - 4 scrolls of enchant weapon
 t - a scroll of amnesia {unknown}
 y - a scroll of fear {unknown}
 C - a scroll of fog {unknown}
Potions
 k - 2 potions of brilliance
 v - a potion of resistance {unknown}
 w - a potion of curing {unknown}
 x - a potion of cancellation {unknown}
 A - a potion of might {unknown}
 E - 2 potions of magic
 F - a potion of mutation {unknown}
Comestibles
 d - 7 rations


   Skills:
 + Level 6.1(4.9) Fighting
 + Level 2.4(1.3) Dodging
 + Level 8.0(6.8) Unarmed Combat
 + Level 5.9(4.7) Spellcasting
 - Level 3.0(1.9) Transmutations
 - Level 2.0(1.0) Poison Magic
 - Level 4.0(2.9) Evocations


You had 9 spell levels left.
You knew the following spells:

 Your Spells              Type           Power        Failure   Level  Hunger
a - Beastly Appendage     Tmut           #.....       9%          1    None
b - Sticks to Snakes      Tmut           #.......     12%         2    ##.....
c - Spider Form           Tmut/Pois      #.........   30%         3    ###....
d - Ice Form              Ice/Tmut       #.......     77%         4    ####...

Your spell library contained the following spells:

 Spells                   Type           Power        Failure   Level  Hunger
 Blade Hands              Tmut           #.........   92%         5    ######.


Dungeon Overview and Level Annotations

Branches:
Dungeon (7/15)             Temple (1/1) D:5

Altars:
Ashenzari
Cheibriados
Dithmenos
Elyvilon
Hepliaklqana
Makhleb
Okawaru
Ru
Sif Muna
Trog
Uskayaw
Vehumet
Wu Jian
Xom
Yredelemnul
Zin
The Shining One

Shops:
D:4 [

Annotations:
D:1 exclusion: downstairs
D:2 Sigmund
D:3 exclusion: downstairs
D:4 Pikel
D:6 basilisk


Innate Abilities, Weirdness & Mutations

You are too large for most types of armour.
You have tough skin. (AC +1)


Message History

You are more poisoned.
The killer bee poisons you! The killer bee stings you.
* * * LOW HITPOINT WARNING * * *
You are more poisoned.
The killer bee poisons you!
You feel agile all of a sudden.
* * * LOW HITPOINT WARNING * * *
You feel sick. The killer bee misses you. x2
You miss the killer bee.
* * * LOW HITPOINT WARNING * * *
You feel sick. The killer bee stings you.
* * * LOW HITPOINT WARNING * * *
You are more poisoned.
The killer bee poisons you!
You miss the killer bee.
* * * LOW HITPOINT WARNING * * *
You feel sick. The killer bee barely misses you.
You hit the killer bee.
The killer bee is moderately wounded.
You die...

..............# ######### ####
.#....#.......# #.......# #.[)
.###.........## #.#####.# #.##
......###...## #.#####.#####.##
####### ##.## #.##...<.)).[[[.
########<# #.#...#[#####[##
##........# #####...#...# ##<[.
#...####### #..y...###..# #....
#...# #.)@....#..## #[### #...#
##.#.##....## ###.### #...#
#.......#.#####...... #...#
#...............#.##.
##...########).#.)..........#.##.
...........##.).............#....
..............#.###.........##.##
......[....####.# #.........##.##
##..)####### #.###..............


You could see a killer bee.

Vanquished Creatures
  A water moccasin (D:5)
  A porcupine (D:5)
  2 orc warriors (D:6)
  A slave (D:4)
  A sky beast (D:4)
  3 ogres
  A phantom (D:6)
  2 centaurs (D:6)
  2 bullfrogs
  Blork the orc (D:5)
  A scorpion (D:5)
  A wyvern skeleton (D:7)
  9 wights
  A crimson imp (D:7)
  A howler monkey (D:3)
  A centaur zombie (D:5)
  3 hounds
  Crazy Yiuf (D:3)
  2 jellies
  3 orc priests
  2 iguanas
  2 worker ants
  2 orc wizards
  2 worker ant zombies
  Robin (D:3)
  4 gnolls (D:3)
  13 adders
  A shadow imp (D:6)
  An ooze (D:4)
  2 worms
  2 dart slugs
  A leopard gecko (D:6)
  24 orcs
  2 ball pythons
  2 bats
  2 giant cockroaches
  7 hobgoblins
  14 jackals
  A quokka (D:3)
  5 frilled lizards
  15 goblins
  A jackal zombie (D:5)
  8 kobolds
  A leopard gecko zombie (D:6)
  A quokka skeleton (D:4)
  3 rats (D:1)
157 creatures vanquished.

Notes
Turn   | Place    | Note
-------+----------+-------------------------------------------
     0 | D:1      | seren the Ogre Transmuter began the quest for the Orb.
     0 | D:1      | Reached XP level 1. HP: 19/19 MP: 3/3
   234 | D:1      | Reached XP level 2. HP: 27/27 MP: 5/5
   852 | D:2      | Reached skill level 3 in Unarmed Combat
  1148 | D:2      | Noticed Sigmund
  1431 | D:2      | Reached XP level 3. HP: 19/35 MP: 5/7
  1877 | D:3      | Reached XP level 4. HP: 34/44 MP: 6/8
  1881 | D:3      | Learned a level 2 spell: Sticks to Snakes
  1885 | D:3      | Learned a level 3 spell: Spider Form
  2482 | D:3      | Found a radiant altar of Vehumet.
  2919 | D:3      | Reached XP level 5. HP: 47/53 MP: 7/9
  2983 | D:3      | Noticed Robin
  2992 | D:3      | Killed Robin
  3203 | D:3      | Reached skill level 4 in Unarmed Combat
  3827 | D:3      | Found a runed door.
  4707 | D:3      | Reached skill level 1 in Poison Magic
  4707 | D:3      | Reached XP level 6. HP: 56/61 MP: 6/10
  4783 | D:4      | Noticed a slave
  4783 | D:4      | Noticed a slave
  4784 | D:4      | Noticed a slave
  5169 | D:4      | Noticed Pikel
  5169 | D:4      | Noticed a slave
  5749 | D:4      | Found a basalt altar of Yredelemnul.
  5763 | D:4      | Reached skill level 5 in Unarmed Combat
  5763 | D:4      | Reached XP level 7. HP: 57/70 MP: 5/11
  5981 | D:4      | Found Ceiparuf's Antique Armour Emporium.
  6678 | D:5      | Entered Level 5 of the Dungeon
  6771 | D:5      | Found an iron altar of Okawaru.
  7158 | D:5      | Reached skill level 5 in Fighting
  7353 | D:5      | Found a staircase to the Ecumenical Temple.
  7402 | Temple   | Entered the Ecumenical Temple
  7554 | Temple   | Became a worshipper of Dithmenos the Shadowed
  7704 | D:5      | Reached skill level 6 in Unarmed Combat
  7704 | D:5      | Reached XP level 8. HP: 68/80 MP: 14/14
  8052 | D:5      | Noticed Blork the orc
  8060 | D:5      | Killed Blork the orc
  8060 | D:5      | Reached skill level 1 in Evocations
  8505 | D:6      | Learned a level 4 spell: Ice Form
  9713 | D:6      | Reached skill level 7 in Unarmed Combat
  9726 | D:6      | Reached skill level 5 in Spellcasting
 10336 | D:6      | Reached XP level 9. HP: 83/89 MP: 16/16
 11693 | D:3      | Noticed Crazy Yiuf
 11700 | D:3      | Killed Crazy Yiuf
 12142 | D:7      | Reached skill level 8 in Unarmed Combat
 12690 | D:6      | HP: 4/89 [poisoned by a killer bee]
 12691 | D:6      | HP: 1/89 [poisoned by a killer bee]
 12692 | D:6      | Succumbed to a killer bee's poison

Vault maps used:
D:1:      co_arrival_random_square_maze
D:2:      minmay_tetromino_l4, uniq_jessica, uniq_sigmund
D:3:      mumra_celtic_spiral_tile, vehumet_crystals, minmay_misc_feat_roman,
          minmay_randomly_rotated_circles, uniq_robin, uniq_crazy_yiuf_cottage
D:4:      yredelemnul_altar_generic, serial_shops, shop, uniq_pikel
D:5:      minmay_temple_entry_mist, first_ration, minivault_1,
          minmay_misc_feat_four_crosses, okawaru_trees_1, uniq_blork_the_orc
Temple:   regret_index_temple_waves

Skill      XL: |  1  2  3  4  5  6  7  8  9 |
---------------+----------------------------+-----
Dodging        | 2 |  2.4
Unarmed Combat | 3 4 5 6 7 8 |  8.0
Transmutations | 2 3 |  3.0
Fighting       | 2 3 4 5 6 |  6.1
Spellcasting   | 3 4 5 |  5.9
Poison Magic   | 1 2 |  2.0
Evocations     | 3 4 |  4.0

Action                   |  1- 3 |  4- 6 |  7- 9 || total
-------------------------+-------+-------+-------++-------
Melee: Unarmed           |   114 |   179 |   241 ||   534
       Kick              |     3 |     2 |    16 ||    21
       Headbutt          |     2 |     4 |     3 ||     9
       Punch             |       |     1 |     7 ||     8
       Whip              |       |       |     9 ||     9
       Hunting sling     |       |       |     1 ||     1
 Fire: Hunting sling     |       |    80 |   145 ||   225
Throw: Stone             |     5 |       |       ||     5
 Cast: Beastly Appendage |     4 |    10 |    11 ||    25
       Spider Form       |       |     6 |    18 ||    24
       Sticks to Snakes  |       |       |     4 ||     4
 Abil: End Transformatio |       |       |     1 ||     1
Evoke: Wand              |       |       |    24 ||    24
  Use: Scroll            |     3 |     3 |     8 ||    14
       Potion            |     1 |     3 |     3 ||     7
 Stab: Distracted        |       |       |     1 ||     1
  Eat: Chunk             |     3 |    13 |    18 ||    34
       Ration            |       |       |     2 ||     2
Armor: Robe              |    23 |    29 |    79 ||   131
       Skin              |       |     1 |     4 ||     5
Dodge: Dodged            |    63 |   118 |   187 ||   368

Table legend:
 A = Spawn XP
 B = Non-spawn XP
 C = Spawn XP percentage of total XP
 D = Spawn monster count
 E = Non-spawn monster count
 F = Spawn count percentage of total count
 G = Total turns spent on level
                    A         B        C        D         E        F      G
               +---------+---------+-------+---------+---------+-------+---------
         Total |       0 |    3554 |   0.0 |       0 |     156 |   0.0 | 12692
               +---------+---------+-------+---------+---------+-------+---------
           D:1 |       0 |      28 |   0.0 |       0 |      15 |   0.0 |  1655
           D:2 |       0 |      26 |   0.0 |       0 |       8 |   0.0 |   249
           D:3 |       0 |     356 |   0.0 |       0 |      49 |   0.0 |  3428
           D:4 |       0 |     536 |   0.0 |       0 |      21 |   0.0 |  1970
           D:5 |       0 |     817 |   0.0 |       0 |      17 |   0.0 |  2458
           D:6 |       0 |    1412 |   0.0 |       0 |      40 |   0.0 |  2030
           D:7 |       0 |     379 |   0.0 |       0 |       6 |   0.0 |   700
               +---------+---------+-------+---------+---------+-------+---------
